BSA
SPRINGFIELD STARS @ ORLANDO CALRISSIAN
07/18/2028
 
TOP OF THE 1ST
Springfield Stars batting - Pitching for Orlando Calrissian : LHP Mark Collins
Pitching: LHP Mark Collins
Batting: SHB Shane Hutchinson 0-0: Foul Ball, location: 2F
0-1: Ball
1-1: Ground out 6-3 (Groundball, 6)
Batting: RHB Calvin Bennett 0-0: Called Strike
0-1: Swinging Strike
0-2: Fly out, F7 (Flyball, 7)
Batting: RHB Norberto Taváres 0-0: Ball
1-0: Ball
2-0: Called Strike
2-1: Foul Ball, location: 2F
2-2: Foul Ball, location: 2F
2-2: Strikes out swinging
Top of the 1st over - 0 run(s), 0 hit(s), 0 error(s), 0 left on base; Springfield 0 - Orlando 0
BOTTOM OF THE 1ST
Orlando Calrissian batting - Pitching for Springfield Stars : RHP Hyo-chin Ch'oe
Pitching: RHP Hyo-chin Ch'oe
Batting: RHB José Pérez 0-0: Ball
1-0: Called Strike
1-1: Ball
2-1: Foul Ball, location: 2F
2-2: Foul Ball, location: 2F
2-2: Strikes out looking
Batting: RHB Frederico Hernández 0-0: Ball
1-0: Ball
2-0: Ball
3-0: Base on Balls
Batting: RHB Rich Anderson 0-0: Ball
1-0: Called Strike
1-1: Called Strike
1-2: Ball
2-2: SINGLE (Groundball, 6D)
Frederico Hernández to second
Batting: RHB Raúl Canó 0-0: Ball
1-0: Ball
2-0: Ball
3-0: Called Strike
3-1: DOUBLE (Line Drive, 9LS)
Frederico Hernández scores
Rich Anderson to third
Batting: LHB Santiago Márquez 0-0: Swinging Strike
0-1: Ball
Wild Pitch!
Rich Anderson scores
Raúl Canó to third
1-1: Swinging Strike
1-2: Foul Ball, location: 2F
1-2: Ball
2-2: 2-RUN HOME RUN (Flyball, 8RD), Distance : 401 ft
Batting: RHB Júlio Negrón 0-0: Ball
1-0: Swinging Strike
1-1: Ground out 4-3 (Groundball, 4)
Batting: SHB Brian Price 0-0: Ball
1-0: Swinging Strike
1-1: Called Strike
1-2: Foul Ball, location: 2F
1-2: Ball
2-2: Ball
3-2: Foul Ball, location: 2F
3-2: Foul Ball, location: 2F
3-2: Strikes out swinging
Bottom of the 1st over - 4 run(s), 3 hit(s), 0 error(s), 0 left on base; Springfield 0 - Orlando 4
TOP OF THE 2ND
Springfield Stars batting - Pitching for Orlando Calrissian : LHP Mark Collins
Batting: LHB Felipe Guerrero 0-0: Called Strike
0-1: Ground out U3 (Groundball, 34)
Batting: LHB Elliott Newell 0-0: SOLO HOME RUN (Flyball, 89XD), Distance : 405 ft
Batting: LHB Jesús Tobías 0-0: Swinging Strike
0-1: Ball
1-1: Ball
2-1: Swinging Strike
2-2: Foul Ball, location: 2F
2-2: Ball
3-2: Ground out U3 (Groundball, 34)
Batting: LHB Ryan Drake 0-0: Ground out 4-3 (Groundball, 4)
Top of the 2nd over - 1 run(s), 1 hit(s), 0 error(s), 0 left on base; Springfield 1 - Orlando 4
BOTTOM OF THE 2ND
Orlando Calrissian batting - Pitching for Springfield Stars : RHP Hyo-chin Ch'oe
Batting: RHB Jesús Gonzáles 0-0: Swinging Strike
0-1: Ball
1-1: Called Strike
1-2: DOUBLE (Line Drive, 7LD)
Batting: SHB Jaime Montés 0-0: Called Strike
0-1: Foul Ball, location: 2F
0-2: Strikes out looking
Batting: RHB José Pérez 0-0: Swinging Strike
0-1: Swinging Strike
0-2: Strikes out looking
Batting: RHB Frederico Hernández 0-0: Ball
1-0: Called Strike
1-1: Foul Ball, location: 2F
1-2: Foul Ball, location: 2F
1-2: Ball
2-2: Fly out, F7 (Flyball, 7LSF)
Bottom of the 2nd over - 0 run(s), 1 hit(s), 0 error(s), 1 left on base; Springfield 1 - Orlando 4
TOP OF THE 3RD
Springfield Stars batting - Pitching for Orlando Calrissian : LHP Mark Collins
Batting: RHB Juan Carlos Rodríguez 0-0: Ball
1-0: Ball
2-0: Called Strike
2-1: Fly out, F8 (Flyball, 78D)
Batting: RHB Will Sterling 0-0: Ball
1-0: Swinging Strike
1-1: Called Strike
1-2: Ball
2-2: Strikes out swinging
Batting: SHB Shane Hutchinson 0-0: Ball
1-0: Ball
2-0: Ball
3-0: Base on Balls
Batting: RHB Calvin Bennett 0-0: Called Strike
0-1: Ball
1-1: Fly out, F7 (Flyball, 7)
Top of the 3rd over - 0 run(s), 0 hit(s), 0 error(s), 1 left on base; Springfield 1 - Orlando 4
BOTTOM OF THE 3RD
Orlando Calrissian batting - Pitching for Springfield Stars : RHP Hyo-chin Ch'oe
Batting: RHB Rich Anderson 0-0: DOUBLE (Line Drive, 7D)
Batting: RHB Raúl Canó 0-0: Called Strike
0-1: Ball
1-1: Ground out 6-3 (Groundball, 6M)
Rich Anderson to third
Batting: LHB Santiago Márquez 0-0: Swinging Strike
0-1: Foul Ball, location: 2F
0-2: Ball
1-2: Foul Ball, location: 2F
1-2: Foul Ball, location: 2F
1-2: Foul Ball, location: 2F
1-2: Strikes out swinging
Batting: RHB Júlio Negrón 0-0: Called Strike
0-1: DOUBLE (Flyball, 9LM)
Rich Anderson scores
Batting: SHB Brian Price 0-0: Ground out U3 (Groundball, 34)
Bottom of the 3rd over - 1 run(s), 2 hit(s), 0 error(s), 1 left on base; Springfield 1 - Orlando 5
TOP OF THE 4TH
Springfield Stars batting - Pitching for Orlando Calrissian : LHP Mark Collins
Batting: RHB Norberto Taváres 0-0: Foul Ball, location: 2F
0-1: Ball
1-1: Foul Ball, location: 2F
1-2: Foul Ball, location: 2F
1-2: Ball
2-2: Foul Ball, location: 2F
2-2: Strikes out swinging
Batting: LHB Felipe Guerrero 0-0: Foul Ball, location: 2F
0-1: Ball
1-1: Ball
2-1: Called Strike
2-2: Strikes out looking
Batting: LHB Elliott Newell 0-0: Called Strike
0-1: Ball
1-1: Called Strike
1-2: Single, Error in OF, E7, batter to second base
Batting: LHB Jesús Tobías 0-0: Ball
1-0: Foul Ball, location: 2F
1-1: Called Strike
1-2: Ball
2-2: Ball
3-2: SINGLE (Line Drive, 34)
Elliott Newell to third
Elliott Newell scores
Batting: LHB Ryan Drake 0-0: Ball
1-0: Foul Ball, location: 2F
1-1: Ball
2-1: Fielders Choice at 2nd, 4-6 (Groundball, 4)
Top of the 4th over - 1 run(s), 2 hit(s), 1 error(s), 0 left on base; Springfield 2 - Orlando 5
BOTTOM OF THE 4TH
Orlando Calrissian batting - Pitching for Springfield Stars : RHP Hyo-chin Ch'oe
Batting: RHB Jesús Gonzáles 0-0: SINGLE (Groundball, 34D)
Batting: SHB Jaime Montés 0-0: Ball
1-0: Ball
2-0: SINGLE (Line Drive, 56D)
Jesús Gonzáles to second
Batting: RHB José Pérez 0-0: Ball
1-0: Called Strike
1-1: Foul Ball, location: 2F
1-2: Fly out, F7 (Line Drive, 7)
Batting: RHB Frederico Hernández 0-0: Ball
1-0: Called Strike
1-1: Called Strike
1-2: Ball
2-2: Ball
3-2: Foul Ball, location: 2F
3-2: Grounds into double play, 6-4-3 (Groundball, 6M)
Bottom of the 4th over - 0 run(s), 2 hit(s), 0 error(s), 1 left on base; Springfield 2 - Orlando 5
TOP OF THE 5TH
Springfield Stars batting - Pitching for Orlando Calrissian : LHP Mark Collins
Batting: RHB Juan Carlos Rodríguez 0-0: DOUBLE (Line Drive, 8LD)
Batting: RHB Will Sterling 0-0: Called Strike
0-1: Ball
1-1: Ball
2-1: SINGLE (Groundball, 6MD)
Juan Carlos Rodríguez to third
Batting: SHB Shane Hutchinson 0-0: Called Strike
0-1: Swinging Strike
0-2: Fly out, F9 (Flyball, 89S)
Runner from 3rd tags up, SCORES, no throw
Batting: RHB Calvin Bennett 0-0: 2-RUN HOME RUN (Flyball, 8LXD), Distance : 411 ft
Batting: RHB Norberto Taváres 0-0: Ball
1-0: Ball
2-0: Ball
3-0: Base on Balls
Batting: LHB Felipe Guerrero 0-0: Called Strike
0-1: Swinging Strike
0-2: SINGLE (Line Drive, 6MD)
Norberto Taváres to second
Batting: LHB Elliott Newell 0-0: Swinging Strike
0-1: Ball
1-1: Foul Ball, location: 2F
1-2: Ball
2-2: Ball
3-2: Strikes out swinging
Batting: LHB Jesús Tobías 0-0: Ball
1-0: Ball
2-0: Ball
3-0: Called Strike
3-1: Base on Balls
Norberto Taváres to third
Felipe Guerrero to second
Batting: LHB Ryan Drake 0-0: Ball
1-0: Swinging Strike
1-1: Foul Ball, location: 2F
1-2: Foul Ball, location: 2F
1-2: DOUBLE (Line Drive, 8RD)
Norberto Taváres scores
Felipe Guerrero scores
Jesús Tobías to third
Runner from 3rd tries for Home, SAFE, no throw
Pitching: LHP Pepe Caro
Batting: RHB Juan Carlos Rodríguez 0-0: Called Strike
0-1: Ball
1-1: Called Strike
1-2: SINGLE (Line Drive, 78S)
Ryan Drake to third
Runner from 3rd tries for Home, SAFE, no throw
Batting: RHB Will Sterling 0-0: Called Strike
0-1: Ball
1-1: Called Strike
1-2: Fielders Choice at 2nd, 6-4 (Groundball, 6)
Top of the 5th over - 7 run(s), 6 hit(s), 0 error(s), 0 left on base; Springfield 9 - Orlando 5
BOTTOM OF THE 5TH
Orlando Calrissian batting - Pitching for Springfield Stars : RHP Hyo-chin Ch'oe
Pitching: LHP Jorge Aybar
Batting: RHB Rich Anderson 0-0: Ball
1-0: Fly out, F7 (Flyball, 7S)
Batting: RHB Raúl Canó 0-0: Called Strike
0-1: Ball
1-1: Foul Ball, location: 2F
1-2: Strikes out swinging
Batting: LHB Santiago Márquez 0-0: Foul Ball, location: 2F
0-1: Ball
1-1: Ball
2-1: Ground out U3 (Groundball, 34)
Bottom of the 5th over - 0 run(s), 0 hit(s), 0 error(s), 0 left on base; Springfield 9 - Orlando 5
TOP OF THE 6TH
Springfield Stars batting - Pitching for Orlando Calrissian : LHP Pepe Caro
Batting: SHB Shane Hutchinson 0-0: Ball
1-0: Ground out 4-3 (Groundball, 4)
Batting: RHB Calvin Bennett 0-0: Ball
1-0: SINGLE (Groundball, 4MD)
Batting: RHB Norberto Taváres 0-0: Ball
1-0: Ball
2-0: Ball
3-0: Called Strike
3-1: Swinging Strike
3-2: Foul Ball, location: 2F
3-2: Base on Balls
Calvin Bennett to second
Batting: LHB Felipe Guerrero 0-0: Ball
Calvin Bennett steals 3rd base
Norberto Taváres to second
1-0: Called Strike
1-1: Ball
2-1: Ball
3-1: Base on Balls
Batting: LHB Elliott Newell 0-0: Fly out, F7 (Flyball, 7S)
Batting: LHB Jesús Tobías 0-0: Ball
1-0: Swinging Strike
1-1: Ball
2-1: Foul Ball, location: 2F
2-2: Foul Ball, location: 2F
2-2: Ball
3-2: Ground out 4-3 (Groundball, 4)
Top of the 6th over - 0 run(s), 1 hit(s), 0 error(s), 3 left on base; Springfield 9 - Orlando 5
BOTTOM OF THE 6TH
Orlando Calrissian batting - Pitching for Springfield Stars : LHP Jorge Aybar
Batting: RHB Júlio Negrón 0-0: Called Strike
0-1: Called Strike
0-2: Strikes out swinging
Batting: SHB Brian Price 0-0: Ball
1-0: Fly out, F4 (Popup, 4S)
Batting: RHB Jesús Gonzáles 0-0: Foul Ball, location: 2F
0-1: Called Strike
0-2: Ball
1-2: Strikes out swinging
Bottom of the 6th over - 0 run(s), 0 hit(s), 0 error(s), 0 left on base; Springfield 9 - Orlando 5
TOP OF THE 7TH
Springfield Stars batting - Pitching for Orlando Calrissian : LHP Pepe Caro
Batting: LHB Ryan Drake 0-0: Foul Ball, location: 2F
0-1: Ball
1-1: Ball
2-1: SINGLE (Groundball, 4D)
Batting: RHB Juan Carlos Rodríguez 0-0: Ball
1-0: Foul Ball, location: 2F
1-1: DOUBLE (Line Drive, 78XD)
Ryan Drake to third
Batting: RHB Will Sterling 0-0: Foul Ball, location: 2F
0-1: Called Strike
0-2: Ball
1-2: Ball
2-2: Ball
3-2: DOUBLE (Line Drive, 78M)
Ryan Drake scores
Juan Carlos Rodríguez scores
Batting: SHB Shane Hutchinson 0-0: Foul Ball, location: 2F
0-1: Swinging Strike
0-2: Ball
1-2: Foul Ball, location: 2F
1-2: Foul Ball, location: 2F
1-2: Foul Ball, location: 2F
1-2: Ground out 4-3 (Groundball, 4)
Will Sterling to third
Batting: RHB Calvin Bennett 0-0: Ground out 5-3 (Groundball, 56)
Will Sterling scores
Pitching: RHP Jorge Jiménez
Batting: RHB Norberto Taváres 0-0: Ball
1-0: Ball
2-0: Ball
3-0: Called Strike
3-1: Base on Balls
Batting: LHB Felipe Guerrero 0-0: Ball
1-0: Ball
2-0: Called Strike
2-1: Foul Ball, location: 2F
2-2: Fielders Choice at 2nd, 4-6 (Groundball, 4)
Top of the 7th over - 3 run(s), 3 hit(s), 0 error(s), 0 left on base; Springfield 12 - Orlando 5
BOTTOM OF THE 7TH
Orlando Calrissian batting - Pitching for Springfield Stars : LHP Jorge Aybar
Batting: SHB Jaime Montés 0-0: Ball
1-0: Called Strike
1-1: Foul Ball, location: 2F
1-2: Ball
2-2: SINGLE (Groundball, 4D)
Batting: RHB José Pérez 0-0: Foul Ball, location: 2F
0-1: Ball
1-1: Ball
2-1: Foul Ball, location: 2F
2-2: Ball
3-2: SINGLE (Groundball, 34D)
Jaime Montés to second
Runner from 2nd tries for 3rd, SAFE, throw made to third
Batting: RHB Frederico Hernández 0-0: Foul Ball, location: 2F
0-1: Ball
1-1: Ball
2-1: Foul Ball, location: 2F
2-2: Grounds into double play, 4-6-3 (Groundball, 4)
Jaime Montés scores
Batting: RHB Rich Anderson 0-0: Called Strike
0-1: Ball
1-1: Fly out, F6 (Popup, 6)
Bottom of the 7th over - 1 run(s), 2 hit(s), 0 error(s), 0 left on base; Springfield 12 - Orlando 6
TOP OF THE 8TH
Springfield Stars batting - Pitching for Orlando Calrissian : RHP Jorge Jiménez
Batting: LHB Elliott Newell 0-0: Ball
1-0: Ball
2-0: Ball
3-0: Called Strike
3-1: Base on Balls
Batting: LHB Jesús Tobías 0-0: Ball
1-0: Called Strike
1-1: Called Strike
1-2: Foul Ball, location: 2F
1-2: Ball
2-2: Ground out 5-3 (Groundball, 56S)
Elliott Newell to second
Batting: LHB Ryan Drake 0-0: Ball
1-0: Fly out, F9 (Flyball, 9S)
Batting: RHB Juan Carlos Rodríguez 0-0: Ball
1-0: Ball
2-0: Ball
3-0: Called Strike
3-1: Foul Ball, location: 2F
3-2: Base on Balls
Batting: RHB Will Sterling 0-0: Fielders Choice at 2nd, 6-4 (Groundball, 6)
Top of the 8th over - 0 run(s), 0 hit(s), 0 error(s), 1 left on base; Springfield 12 - Orlando 6
BOTTOM OF THE 8TH
Orlando Calrissian batting - Pitching for Springfield Stars : LHP Jorge Aybar
Now at SS: Dave Henderson
Batting: RHB Raúl Canó 0-0: Ground out 4-3 (Groundball, 4)
Batting: LHB Santiago Márquez 0-0: Called Strike
0-1: Ball
1-1: Foul Ball, location: 2F
1-2: Foul Ball, location: 2F
1-2: SINGLE (Flyball, 9S)
Batting: RHB Júlio Negrón 0-0: Ball
1-0: Foul Ball, location: 2F
1-1: Fly out, F8 (Flyball, 8RM)
Batting: SHB Brian Price 0-0: Called Strike
0-1: Ball
1-1: Foul Ball, location: 2F
1-2: Strikes out swinging
Bottom of the 8th over - 0 run(s), 1 hit(s), 0 error(s), 1 left on base; Springfield 12 - Orlando 6
TOP OF THE 9TH
Springfield Stars batting - Pitching for Orlando Calrissian : RHP Jorge Jiménez
Batting: SHB Shane Hutchinson 0-0: Ball
1-0: Swinging Strike
1-1: Ball
2-1: Ball
3-1: Base on Balls
Batting: RHB Calvin Bennett 0-0: Foul Ball, location: 2F
0-1: Ball
1-1: Swinging Strike
1-2: Fly out, F8 (Line Drive, 89M)
Batting: RHB Norberto Taváres 0-0: Foul Ball, location: 2F
0-1: Ball
1-1: Foul Ball, location: 2F
1-2: Ball
2-2: Ball
3-2: Ground out 1-3 (Groundball, 15S)
Shane Hutchinson to second
Batting: LHB Felipe Guerrero 0-0: Ball
1-0: Foul Ball, location: 2F
1-1: Foul Ball, location: 2F
1-2: Ball
2-2: Foul Ball, location: 2F
2-2: Ball
3-2: Foul Ball, location: 2F
3-2: Base on Balls
Batting: LHB Elliott Newell 0-0: Called Strike
0-1: Ball
1-1: Ball
Passed Ball!
Shane Hutchinson to third
Felipe Guerrero to second
2-1: Fly out, F9 (Flyball, 9LS)
Top of the 9th over - 0 run(s), 0 hit(s), 0 error(s), 2 left on base; Springfield 12 - Orlando 6
BOTTOM OF THE 9TH
Orlando Calrissian batting - Pitching for Springfield Stars : LHP Jorge Aybar
Batting: RHB Jesús Gonzáles 0-0: Called Strike
0-1: Called Strike
0-2: Strikes out swinging
Batting: SHB Jaime Montés 0-0: Foul Ball, location: 2F
0-1: Ball
1-1: Ball
2-1: Swinging Strike
2-2: Strikes out looking
Batting: RHB José Pérez 0-0: Called Strike
0-1: Foul Ball, location: 2F
0-2: Ball
1-2: SINGLE (Groundball, 6) (infield hit)
Batting: RHB Frederico Hernández 0-0: Ball
1-0: Foul Ball, location: 2F
1-1: SINGLE (Groundball, 6MD)
José Pérez to second
Runner from 2nd tries for 3rd, SAFE, throw made to third
Batting: RHB Rich Anderson 0-0: Ball
1-0: Swinging Strike
1-1: Foul Ball, location: 2F
1-2: Ball
2-2: Ball
3-2: Foul Ball, location: 2F
3-2: Base on Balls
Frederico Hernández to second
Pitching: RHP Luis Cortéz
Batting: RHB Raúl Canó 0-0: Ball
1-0: Called Strike
1-1: Swinging Strike
1-2: Strikes out looking
Bottom of the 9th over - 0 run(s), 2 hit(s), 0 error(s), 3 left on base; Springfield 12 - Orlando 6
Tuesday, August 8th, 2017 - OOTP Baseball 17.12 Build 75